[Event "December 19 Early 2023"]
[Site "https://www.chess.com"]
[Date "2023.12.19"]
[Round "4"]
[White "Topalov, Aleksandar"]
[Black "Stankovic, Boris"]
[Result "1-0"]
[Board "151"]
[TimeControl "180+1"]
[WhiteFideId "925659"]
[BlackFideId "985317"]
[WhiteElo "2151"]
[BlackElo "2265"]
[WhiteTeam "SRB"]
[BlackTeam "SRB"]
[WhiteClock "0:00:02"]
[BlackClock "0:00:00"]

1. b3 Nf6 2. Bb2 b5 3. e4 Nxe4 4. Bxb5 Bb7 5. Nf3 g5 6. d3 Nf6 7. h3 Rg8 8. g4 Nc6 9. Nbd2 a6 10. Bxc6 Bxc6 11. Qe2 e6 12. O-O-O Be7 13. Rhg1 d6 14. Nd4 Qd7 15. Nf5 exf5 16. Bxf6 Qe6 17. Qxe6 fxe6 18. Bc3 Kf7 19. f3 Bf6 20. Bxf6 Kxf6 21. Rdf1 h5 22. f4 hxg4 23. hxg4 gxf4 24. Rxf4 Rg5 25. Rgf1 Rag8 26. gxf5 Rxf5 27. Nc4 Rxf4 28. Rxf4+ Ke7 29. Na5 Bd5 30. Rh4 Rg7 31. Kb2 e5 32. c4 Bg2 33. b4 Rg3 34. Rh7+ Kf6 35. Rxc7 Rxd3 36. Ra7 e4 37. Rxa6 e3 38. Ra8 e2 39. Re8 Bf3 40. Nb3 Rd1 41. Rf8+ 1-0

[Event "December 19 Early 2023"]
[Site "https://www.chess.com"]
[Date "2023.12.19"]
[Round "4"]
[White "Korchynskyi, Mykola"]
[Black "Crispin Ferreras, Darvi Abraham"]
[Result "1-0"]
[Board "152"]
[TimeControl "180+1"]
[WhiteFideId "34138005"]
[BlackFideId "6402771"]
[WhiteElo "2007"]
[BlackElo "2149"]
[WhiteTeam "UKR"]
[BlackTeam "DOM"]
[WhiteClock "0:02:33"]
[BlackClock "0:02:03"]

1. d4 Nf6 2. c4 e6 3. Nc3 Bb4 4. Qc2 O-O 5. a3 Bxc3+ 6. Qxc3 d6 7. Bg5 h6 8. Bh4 b6 9. e3 Bb7 10. Ne2 Nbd7 11. Qc2 e5 12. Rd1 Re8 13. Nc3 exd4 14. Rxd4 Qe7 15. Be2 Nc5 16. O-O Ne6 17. Rdd1 g5 18. Bg3 Nc5 19. Nd5 Bxd5 20. cxd5 Nce4 21. Bd3 Nxg3 22. hxg3 Nxd5 23. Bh7+ Kg7 24. Rxd5 1-0

[Event "December 19 Early 2023"]
[Site "https://www.chess.com"]
[Date "2023.12.19"]
[Round "4"]
[White "Avila Rodriguez, Joshua Ad"]
[Black "Khodabandeh, Milad"]
[Result "0-1"]
[Board "153"]
[TimeControl "180+1"]
[WhiteFideId "5126444"]
[BlackFideId "12538620"]
[WhiteElo "2097"]
[BlackElo "1846"]
[WhiteTeam "MEX"]
[BlackTeam "IRI"]
[WhiteClock "0:00:44"]
[BlackClock "0:01:11"]

1. e4 e5 2. Nf3 Nc6 3. Bb5 a6 4. Ba4 Nf6 5. O-O Be7 6. Re1 b5 7. Bb3 Bb7 8. c3 d5 9. exd5 Nxd5 10. Nxe5 Nxe5 11. Rxe5 Nf4 12. f3 Nd3 13. Re2 O-O 14. Qf1 Bc5+ 15. Kh1 Qh4 16. g3 Qh5 17. Kg2 Rae8 18. Na3 Rxe2+ 19. Qxe2 Nf4+ 20. gxf4 Qg6+ 21. Kh3 Bc8+ 22. Kh4 Qh6+ 23. Kg3 Qh3# 0-1

[Event "December 19 Early 2023"]
[Site "https://www.chess.com"]
[Date "2023.12.19"]
[Round "4"]
[White "Horak, Martin"]
[Black "Mesquita, Eduardo Barbosa"]
[Result "1-0"]
[Board "154"]
[TimeControl "180+1"]
[WhiteFideId "367095"]
[BlackFideId "22757163"]
[WhiteElo "2091"]
[BlackElo "1953"]
[WhiteTeam "CZE"]
[BlackTeam "BRA"]
[WhiteClock "0:00:07"]
[BlackClock "0:00:20"]

1. e4 c5 2. Nf3 d6 3. d4 cxd4 4. Qxd4 a6 5. Be2 Nc6 6. Qe3 g6 7. O-O Bg7 8. h3 Nf6 9. Rd1 Qc7 10. Nc3 O-O 11. Qf4 e5 12. Qh4 Re8 13. Bg5 Nd7 14. Nd5 Qa5 15. c3 Rf8 16. Ne7+ Nxe7 17. Bxe7 Qb6 18. Bxf8 Nxf8 19. b3 Qc6 20. Bc4 Be6 21. Bxe6 Nxe6 22. Rac1 h5 23. Qe7 Bf8 24. Qh4 Bh6 25. Rc2 Nf4 26. Qe7 Qxe4 27. Rcc1 Bf8 28. Qf6 Bg7 29. Qxf7+ Kxf7 30. Ng5+ Ke7 31. Nxe4 Ne2+ 32. Kf1 Nxc1 33. Rxc1 d5 34. Nc5 b6 35. Nd3 Kd6 36. Rd1 a5 37. c4 d4 38. f3 g5 39. Ke2 g4 40. hxg4 hxg4 41. Rh1 Rg8 42. Nf2 gxf3+ 43. gxf3 Kc5 44. Nd3+ Kd6 45. Nf2 Kc6 46. Ne4 a4 47. Rg1 d3+ 48. Kxd3 Rd8+ 49. Kc3 Bf8 50. Rg6+ Kb7 51. b4 Rd1 52. Rf6 Rd8 53. Rf7+ Ka6 54. a3 Bh6 55. b5+ Ka5 56. Ra7# 1-0

[Event "December 19 Early 2023"]
[Site "https://www.chess.com"]
[Date "2023.12.19"]
[Round "4"]
[White "Nurgaliyeva, Zarina"]
[Black "Hoffmann, Asa"]
[Result "0-1"]
[Board "155"]
[TimeControl "180+1"]
[WhiteFideId "13730096"]
[BlackFideId "2001470"]
[WhiteElo "2001"]
[BlackElo "2117"]
[WhiteTeam "KAZ"]
[BlackTeam "USA"]
[WhiteClock "0:01:06"]
[BlackClock "0:01:36"]

1. e4 d6 2. d4 Nf6 3. Nc3 c6 4. f4 Qa5 5. Bd3 e5 6. fxe5 dxe5 7. Nf3 exd4 8. Nxd4 Qb6 9. Nb3 a5 10. Qe2 a4 11. Be3 Qb4 12. a3 axb3 13. axb4 Rxa1+ 14. Kd2 Rxh1 15. e5 bxc2 16. Kxc2 Nd5 17. Ba7 Nxb4+ 18. Kd2 N8a6 19. Nd1 Be7 20. h3 Bg5+ 21. Kc3 Nd5+ 22. Kc2 Nab4+ 23. Kb1 g6 24. Be4 O-O 25. Bc5 Re8 26. Bxd5 Nxd5 27. Ka2 Be6 28. b3 Rxd1 0-1

[Event "December 19 Early 2023"]
[Site "https://www.chess.com"]
[Date "2023.12.19"]
[Round "4"]
[White "Skibbe, Willi"]
[Black "Goltseva, Ekaterina"]
[Result "0-1"]
[Board "156"]
[TimeControl "180+1"]
[WhiteFideId "4682190"]
[BlackFideId "24173770"]
[WhiteElo "2354"]
[BlackElo "2139"]
[WhiteTeam "GER"]
[BlackTeam "RUS"]
[WhiteClock "0:00:12"]
[BlackClock "0:00:56"]

1. d4 d5 2. c4 dxc4 3. Nf3 a6 4. e3 Bg4 5. Bxc4 e6 6. Nbd2 Nf6 7. h3 Bh5 8. g4 Bg6 9. Ne5 Be4 10. Nxe4 Nxe4 11. Qf3 Nd6 12. Bd3 f6 13. Nc4 Nc6 14. O-O Be7 15. Nxd6+ Qxd6 16. b3 O-O 17. Bb2 Nb4 18. Bb1 Nd5 19. e4 Nf4 20. Rd1 Rad8 21. Bc2 g5 22. Rac1 Rf7 23. e5 fxe5 24. dxe5 Qb6 25. Rxd8+ Bxd8 26. Rd1 Be7 27. Rd2 Bc5 28. Qe4 Bxf2+ 29. Rxf2 Nxh3+ 30. Kh2 Qxf2+ 31. Kxh3 Rf3+ 32. Qxf3 Qxf3+ 33. Kh2 Qf2+ 0-1

[Event "December 19 Early 2023"]
[Site "https://www.chess.com"]
[Date "2023.12.19"]
[Round "4"]
[White "Borawski, Jakub"]
[Black "Pesotskiy, Mikhail"]
[Result "1-0"]
[Board "157"]
[TimeControl "180+1"]
[WhiteFideId "1143000"]
[BlackFideId "34164453"]
[WhiteElo "2052"]
[BlackElo "2078"]
[WhiteTeam "POL"]
[BlackTeam "RUS"]
[WhiteClock "0:00:56"]
[BlackClock "0:00:00"]

1. f4 e6 2. e3 c5 3. b3 d5 4. Bb2 Nf6 5. Bb5+ Bd7 6. Bxd7+ Nbxd7 7. Nf3 Bd6 8. O-O Qc7 9. d4 cxd4 10. Nxd4 Ne4 11. Nb5 Qb6 12. Nxd6+ Nxd6 13. Bd4 Qc6 14. Nd2 Nf5 15. Nf3 O-O 16. Rc1 Nxd4 17. Qxd4 Qa6 18. a4 Rfd8 19. f5 Nf6 20. fxe6 Qxe6 21. Ng5 Qe7 22. Rf3 h6 23. Nh3 Re8 24. Rcf1 Qe4 25. Nf4 Qxd4 26. exd4 Rac8 27. c3 Ne4 28. Nxd5 Nd2 29. Rxf7 Nxf1 30. Rxf1 Kh8 31. Rf7 Red8 32. c4 Rb8 33. h4 a6 34. a5 1-0

[Event "December 19 Early 2023"]
[Site "https://www.chess.com"]
[Date "2023.12.19"]
[Round "4"]
[White "Gruzman, Ilya"]
[Black "Ronka, Erik"]
[Result "1-0"]
[Board "158"]
[TimeControl "180+1"]
[WhiteFideId "2812703"]
[BlackFideId "505080"]
[WhiteElo "1986"]
[BlackElo "2264"]
[WhiteTeam "ISR"]
[BlackTeam "FIN"]
[WhiteClock "0:01:07"]
[BlackClock "0:01:20"]

1. d4 f5 2. g3 e6 3. Bg2 Nf6 4. c4 Be7 5. Nc3 O-O 6. Nf3 d6 7. O-O Ne4 8. Nd2 Nxc3 9. bxc3 e5 10. e4 f4 11. Nf3 Nc6 12. c5 Qe8 13. cxd6 cxd6 14. dxe5 dxe5 15. Qd5+ Kh8 16. Nxe5 Nxe5 17. Qxe5 f3 18. Bh1 Qf7 19. Bf4 Bh3 20. Rfd1 Rae8 21. Bxf3 Bf6 22. Qc5 Qg6 23. Bh5 1-0

[Event "December 19 Early 2023"]
[Site "https://www.chess.com"]
[Date "2023.12.19"]
[Round "4"]
[White "Bernat, David"]
[Black "Devaev, Alexander"]
[Result "0-1"]
[Board "159"]
[TimeControl "180+1"]
[WhiteFideId "2099225"]
[BlackFideId "4169395"]
[WhiteElo "1894"]
[BlackElo "2172"]
[WhiteTeam "USA"]
[BlackTeam "RUS"]
[WhiteClock "0:00:13"]
[BlackClock "0:01:38"]

1. c4 c5 2. Nc3 e6 3. e4 Nc6 4. g3 d6 5. Bg2 Rb8 6. Nge2 a6 7. a4 g6 8. O-O Bg7 9. d3 Nge7 10. Be3 Nd4 11. f4 Nec6 12. h3 O-O 13. Kh2 Bd7 14. g4 b5 15. cxb5 axb5 16. Bxd4 Nxd4 17. Nxd4 Bxd4 18. a5 b4 19. Ne2 Bxb2 20. Rb1 Bg7 21. d4 Bb5 22. Re1 Qxa5 23. dxc5 dxc5 24. e5 Rfd8 25. Qc1 c4 26. Qb2 Bf8 27. Ng3 c3 28. Qf2 Bd3 29. Rbc1 Qb6 30. Qf3 Rbc8 31. f5 b3 32. fxg6 fxg6 33. Ne4 Bxe4 34. Qxe4 c2 35. Rf1 Bg7 0-1

[Event "December 19 Early 2023"]
[Site "https://www.chess.com"]
[Date "2023.12.19"]
[Round "4"]
[White "Kostiukov, Alexandr"]
[Black "Berezin, Viktor"]
[Result "1-0"]
[Board "160"]
[TimeControl "180+1"]
[WhiteFideId "14108100"]
[BlackFideId "14107872"]
[WhiteElo "2112"]
[BlackElo "2310"]
[WhiteTeam "UKR"]
[BlackTeam "UKR"]
[WhiteClock "0:00:19"]
[BlackClock "0:00:00"]

1. g3 Nf6 2. Bg2 g6 3. c4 Bg7 4. Nf3 O-O 5. O-O d6 6. d4 Nc6 7. Nc3 a6 8. h3 Rb8 9. Bf4 b5 10. cxb5 axb5 11. Rc1 Bd7 12. d5 Na5 13. Nd4 Nh5 14. Be3 Nc4 15. g4 Nxe3 16. fxe3 Nf6 17. b4 e5 18. Nc6 Qe8 19. Nxb8 Qxb8 20. Qd3 Qb6 21. Kh1 h5 22. g5 Nh7 23. e4 h4 24. Qd2 f6 25. gxf6 Nxf6 26. Rf3 Nh5 27. Qg5 Rxf3 28. Bxf3 Qf2 29. Qg2 Ng3+ 30. Kh2 Qe3 31. Rc2 Bh6 32. Nd1 Qa3 33. e3 Qd3 34. Rc3 Qb1 35. Rxc7 Be8 36. Bg4 Bf7 37. Qf3 Qxa2+ 38. Kg1 Bf4 39. exf4 Qd2 40. Rxf7 Qe1+ 41. Kg2 Kxf7 42. fxe5+ Ke8 43. exd6 Qh1+ 44. Kf2 Qf1+ 45. Ke3 Qg1+ 46. Kf4 Qd4 47. d7+ Kd8 48. Qc3 Qg1 49. Qc8+ Ke7 50. d8=Q+ 1-0

[Event "December 19 Early 2023"]
[Site "https://www.chess.com"]
[Date "2023.12.19"]
[Round "4"]
[White "Parfenov, Viktor N."]
[Black "Koridze, Lile"]
[Result "0-1"]
[Board "161"]
[TimeControl "180+1"]
[WhiteFideId "4165969"]
[BlackFideId "13612514"]
[WhiteElo "2093"]
[BlackElo "2061"]
[WhiteTeam "RUS"]
[BlackTeam "GEO"]
[WhiteClock "0:00:59"]
[BlackClock "0:00:38"]

1. d4 Nf6 2. c4 e6 3. Nc3 Bb4 4. e3 O-O 5. Bd3 d5 6. cxd5 exd5 7. Ne2 c5 8. a3 Bxc3+ 9. bxc3 Nc6 10. O-O Bg4 11. f3 Be6 12. Ng3 Re8 13. Ra2 Rc8 14. Re2 cxd4 15. cxd4 Na5 16. Bb1 Nc4 17. e4 dxe4 18. Nxe4 Nxe4 19. Bxe4 Bd5 20. Qd3 Bxe4 21. fxe4 Ne5 22. Qe3 Ng4 23. Qd3 Ne5 24. Qd1 Nc4 25. h3 Qb6 26. Kh1 Rcd8 27. d5 Qd6 28. a4 b6 29. Bf4 Qg6 30. Qd4 Nd6 31. Bxd6 Qxd6 32. Rc1 f6 33. Rc4 Qf4 34. Rf2 Qh4 35. Re2 Qf4 36. Rc6 Qf1+ 37. Kh2 Qxe2 38. d6 Qxe4 39. Qxe4 Rxe4 0-1

[Event "December 19 Early 2023"]
[Site "https://www.chess.com"]
[Date "2023.12.19"]
[Round "4"]
[White "Buscar, Michael"]
[Black "Tabuenca Mendataurigoitia, Daniel"]
[Result "0-1"]
[Board "162"]
[TimeControl "180+1"]
[WhiteFideId "2603616"]
[BlackFideId "24563617"]
[WhiteElo "2010"]
[BlackElo "2130"]
[WhiteTeam "CAN"]
[BlackTeam "ESP"]
[WhiteClock "0:01:14"]
[BlackClock "0:01:48"]

1. d4 d6 2. c4 Nf6 3. Nf3 g6 4. g3 Bg7 5. Bg2 Bf5 6. O-O O-O 7. b3 c5 8. dxc5 Ne4 9. Nd4 dxc5 10. Nxf5 gxf5 11. Qc2 Bxa1 12. Bh6 Bg7 13. Bxg7 Kxg7 14. Bxe4 fxe4 15. Qxe4 Nc6 16. Nc3 Qd4 17. Qf3 e6 18. Ne4 f5 19. Ng5 Qf6 20. h4 h6 21. Nh3 e5 22. Qe3 Nd4 23. Kh2 Rae8 24. Rg1 Kh7 0-1

[Event "December 19 Early 2023"]
[Site "https://www.chess.com"]
[Date "2023.12.19"]
[Round "4"]
[White "Nechitaylo, Nikita"]
[Black "Kanyamarala, Tarun"]
[Result "0-1"]
[Board "163"]
[TimeControl "180+1"]
[WhiteFideId "34138161"]
[BlackFideId "45004714"]
[WhiteElo "2049"]
[BlackElo "2318"]
[WhiteTeam "UKR"]
[BlackTeam "IRL"]
[WhiteClock "0:00:00"]
[BlackClock "0:00:13"]

1. d4 e6 2. c4 f5 3. g3 Nf6 4. Bg2 Be7 5. b3 O-O 6. Nf3 Ne4 7. O-O Nc6 8. Ba3 Bxa3 9. Nxa3 Qe7 10. Nc2 d5 11. Ne3 Rd8 12. c5 b6 13. Rc1 bxc5 14. dxc5 a5 15. Nd4 Nxd4 16. Qxd4 e5 17. Nxd5 Qf7 18. Qc4 Rxd5 19. Bxe4 fxe4 20. Qxe4 Bh3 21. Rfd1 Rad8 22. Rxd5 Qxd5 23. Qxd5+ Rxd5 24. f3 Bd7 25. Rc4 Bb5 26. Rc2 a4 27. Kf2 axb3 28. axb3 c6 29. Ke3 Rd4 30. f4 Rb4 31. fxe5 Kf7 32. Rd2 Ke6 33. Rd8 Kxe5 34. Rd7 Rxb3+ 35. Kf2 Kf6 36. e4 h6 37. Rd6+ Kf7 38. Rd7+ Kg6 39. e5 Rb2+ 40. Ke3 Re2+ 41. Kf4 Rxh2 42. e6 Re2 0-1

[Event "December 19 Early 2023"]
[Site "https://www.chess.com"]
[Date "2023.12.19"]
[Round "4"]
[White "Korkmaz, Necmettin"]
[Black "Tarasova, Viktoriya"]
[Result "1/2-1/2"]
[Board "164"]
[TimeControl "180+1"]
[WhiteFideId "6303285"]
[BlackFideId "4175840"]
[WhiteElo "2044"]
[BlackElo "2182"]
[WhiteTeam "TUR"]
[BlackTeam "RUS"]
[WhiteClock "0:01:13"]
[BlackClock "0:00:07"]

1. e4 e5 2. Nf3 Nc6 3. d4 exd4 4. Bc4 Bc5 5. c3 Nf6 6. cxd4 Bb4+ 7. Nc3 Nxe4 8. O-O Bxc3 9. d5 Bf6 10. Re1 Ne7 11. Rxe4 d6 12. Bg5 Bxg5 13. Nxg5 h6 14. Qe2 hxg5 15. Re1 Be6 16. dxe6 f6 17. Re3 c6 18. Rh3 Rxh3 19. gxh3 g6 20. Qd2 Kf8 21. h4 gxh4 22. Qh6+ Kg8 23. Bd3 Qf8 24. Qxh4 Qg7 25. Qb4 Nf5 26. Bxf5 gxf5+ 27. Kf1 Rd8 28. e7 Re8 29. Qxd6 Qg4 30. Qe6+ Kg7 31. Re3 Qd1+ 32. Kg2 Qd5+ 33. Qxd5 cxd5 34. Kf3 Kf7 35. Rd3 Rxe7 36. Rxd5 Kg6 37. h4 Rc7 38. Rd2 Rc4 39. Kg3 Rg4+ 40. Kh3 Rf4 41. Kg3 Rb4 42. f3 a6 43. b3 a5 44. Rd8 a4 45. Rg8+ Kf7 46. Rb8 axb3 47. axb3 Rxb3 48. h5 Kg7 49. Rc8 Rb4 50. f4 Kh6 51. Rh8+ Kg7 52. Rb8 Rb3+ 53. Kh4 b5 54. Rb7+ Kh6 55. Rf7 b4 56. Rxf6+ Kh7 57. Kg5 Rb1 58. Kxf5 b3 59. Rb6 b2 60. Kf6 Rf1 61. Rxb2 Rxf4+ 62. Kg5 Rf7 63. Rb6 Ra7 64. Rh6+ Kg7 65. Rg6+ Kh7 66. Rf6 Ra5+ 67. Kg4 Ra4+ 68. Kg5 Ra5+ 69. Kg4 Ra4+ 70. Kg5 Ra5+ 1/2-1/2

[Event "December 19 Early 2023"]
[Site "https://www.chess.com"]
[Date "2023.12.19"]
[Round "4"]
[White "Filippova, Margarita"]
[Black "noblerone"]
[Result "0-1"]
[Board "165"]
[TimeControl "180+1"]
[WhiteFideId "34199680"]
[WhiteElo "1916"]
[BlackElo "2505"]
[WhiteTeam "RUS"]
[WhiteClock "0:01:09"]
[BlackClock "0:00:05"]

1. e4 d5 2. exd5 Qxd5 3. Nc3 Qd8 4. d4 Nf6 5. Bc4 a6 6. Nf3 b5 7. Bd3 e6 8. O-O c5 9. dxc5 Bxc5 10. Ne4 Be7 11. Nxf6+ Bxf6 12. Be4 Ra7 13. a4 Rd7 14. Qe2 bxa4 15. c3 O-O 16. Rxa4 Bb7 17. Bxb7 Rxb7 18. Rd1 Qc7 19. g3 h6 20. Bf4 Qc6 21. Nd4 Qxa4 22. Qg4 Rd7 23. Re1 Bxd4 24. Bxh6 Bf6 25. Qxa4 gxh6 26. Qg4+ Bg7 27. h4 Rfd8 28. Kg2 Nc6 29. Qc4 Ne7 30. Qxa6 Rd2 31. Re2 R2d6 32. Qc4 Nf5 33. h5 Rd1 34. g4 Nh4+ 35. Kg3 Bf6 36. g5 Bxg5 37. f4 R8d3+ 38. Kh2 Bf6 39. Qe4 Nf3+ 40. Kg2 Rg1+ 41. Kf2 Bh4# 0-1

[Event "December 19 Early 2023"]
[Site "https://www.chess.com"]
[Date "2023.12.19"]
[Round "4"]
[White "Sadovsky, Artem"]
[Black "Ruge, Edison"]
[Result "1-0"]
[Board "166"]
[TimeControl "180+1"]
[WhiteFideId "4155840"]
[BlackFideId "4401000"]
[WhiteElo "2314"]
[BlackElo "2175"]
[WhiteTeam "FID"]
[BlackTeam "COL"]
[WhiteClock "0:00:05"]
[BlackClock "0:00:00"]

1. Nf3 d6 2. e4 Nf6 3. Nc3 g6 4. Bc4 Bg7 5. O-O O-O 6. Bb3 c6 7. h3 e5 8. a4 Na6 9. d4 Qc7 10. Bc4 Nb8 11. a5 Be6 12. Bxe6 fxe6 13. dxe5 dxe5 14. Be3 Nbd7 15. Qe2 Nh5 16. Qc4 Rxf3 17. gxf3 Nf8 18. Ne2 Qf7 19. Kg2 a6 20. Rad1 Re8 21. b4 h6 22. Rd3 g5 23. Ng3 Ng6 24. Nxh5 Nh4+ 25. Kh2 Qxh5 26. Bc5 Nxf3+ 27. Rxf3 Qxf3 28. Qd3 Qf4+ 29. Kg2 g4 30. hxg4 Qxg4+ 31. Qg3 Qxe4+ 32. Kh2 Qf4 33. Rd1 Qf7 34. c3 Kh7 35. Rg1 Qh5+ 36. Kg2 e4 37. Rh1 Qg6 38. Be3 Qxg3+ 39. Kxg3 Rf8 40. Kg2 Rf5 41. Rh4 Bxc3 42. Rxh6+ Kg7 43. Rxe6 Re5 44. Rd6 Kf7 45. Rd7+ Re7 46. Rd8 Bxb4 47. Bb6 c5 48. Kf1 e3 49. fxe3 Rxe3 50. Rd7+ Re7 51. Rd5 Ke6 52. Rh5 Rd7 53. Ke2 Rg7 54. Kd3 Rg3+ 55. Ke4 Rg4+ 56. Kf3 Rd4 57. Ke3 Rd7 58. Rh6+ Kd5 59. Kd3 c4+ 60. Kc2 Rf7 61. Rh5+ Kc6 62. Rh6+ 1-0

[Event "December 19 Early 2023"]
[Site "https://www.chess.com"]
[Date "2023.12.19"]
[Round "4"]
[White "Olsson, Linus"]
[Black "Antonio, Jorge Carlos"]
[Result "0-1"]
[Board "167"]
[TimeControl "180+1"]
[WhiteFideId "1706098"]
[BlackFideId "113190"]
[WhiteElo "2222"]
[BlackElo "2247"]
[WhiteTeam "SWE"]
[BlackTeam "ARG"]
[WhiteClock "0:02:15"]
[BlackClock "0:02:36"]

1. d4 d5 2. c4 c6 3. Nf3 Nf6 4. Nc3 Bf5 5. cxd5 cxd5 6. Qb3 b6 7. e3 e6 8. Bb5+ Nfd7 9. Ne5 Bd6 10. O-O Bxe5 11. dxe5 O-O 12. f4 Nc5 13. Bd2 Nxb3 0-1

[Event "December 19 Early 2023"]
[Site "https://www.chess.com"]
[Date "2023.12.19"]
[Round "4"]
[White "Marinakis, Hristos"]
[Black "Hnydiuk, Aleksander"]
[Result "0-1"]
[Board "168"]
[TimeControl "180+1"]
[WhiteFideId "4294661"]
[BlackFideId "1109057"]
[WhiteElo "2304"]
[BlackElo "2374"]
[WhiteTeam "GRE"]
[BlackTeam "POL"]
[WhiteClock "0:00:00"]
[BlackClock "0:00:23"]

1. e4 e5 2. Nf3 Nc6 3. Bb5 a6 4. Ba4 Nf6 5. O-O Be7 6. Re1 b5 7. Bb3 O-O 8. a4 Rb8 9. d3 d6 10. Nbd2 Be6 11. h3 Qe8 12. c3 Nd7 13. d4 Bxb3 14. Nxb3 f5 15. dxe5 Ncxe5 16. Nbd4 fxe4 17. Rxe4 Nc5 18. Rf4 Rxf4 19. Bxf4 Ned3 20. Qd2 bxa4 21. Bg5 Rxb2 22. Qe3 Kf7 23. Nf5 Bf6 24. Bxf6 Qxe3 25. fxe3 Kxf6 26. N5d4 g6 27. Nc6 Ke6 28. Nfd4+ Kd7 29. Rf1 Ne5 30. Rf8 Nxc6 31. Rf7+ Ne7 0-1

[Event "December 19 Early 2023"]
[Site "https://www.chess.com"]
[Date "2023.12.19"]
[Round "4"]
[White "Sreyas Payyappat"]
[Black "Martin, Lewis"]
[Result "0-1"]
[Board "169"]
[TimeControl "180+1"]
[WhiteFideId "46674969"]
[BlackFideId "410551"]
[WhiteElo "2043"]
[BlackElo "2145"]
[WhiteTeam "IND"]
[BlackTeam "ENG"]
[WhiteClock "0:00:00"]
[BlackClock "0:00:26"]

1. e4 c6 2. d4 d5 3. Nc3 dxe4 4. Nxe4 Bf5 5. Ng3 Bg6 6. Nf3 Nd7 7. h4 h6 8. Bd3 Bxd3 9. Qxd3 Ngf6 10. Bf4 e6 11. O-O-O Be7 12. Ne2 Ng4 13. Bg3 O-O 14. Nd2 h5 15. f3 Nh6 16. Bf4 Nf6 17. Rdg1 Qd5 18. Kb1 Qf5 19. Qb3 b5 20. g4 hxg4 21. Bxh6 gxh6 22. fxg4 Nxg4 23. h5 Bg5 24. Ne4 Qxe4 25. Ng3 Qxd4 26. Ne2 Qe4 27. Ng3 Qe3 28. Qb4 f5 29. Qd6 Bf4 0-1

[Event "December 19 Early 2023"]
[Site "https://www.chess.com"]
[Date "2023.12.19"]
[Round "4"]
[White "Slade, Theodore"]
[Black "Limontaite, Simona"]
[Result "0-1"]
[Board "170"]
[TimeControl "180+1"]
[WhiteFideId "426547"]
[BlackFideId "12802506"]
[WhiteElo "1964"]
[BlackElo "2092"]
[WhiteTeam "ENG"]
[BlackTeam "LTU"]
[WhiteClock "0:00:13"]
[BlackClock "0:00:10"]

1. d4 Nf6 2. c4 e6 3. g3 Bb4+ 4. Nd2 O-O 5. Bg2 d5 6. Nf3 Nbd7 7. O-O Re8 8. c5 Bxd2 9. Bxd2 c6 10. Bf4 Nh5 11. Bd6 g6 12. Qc2 Ng7 13. e4 dxe4 14. Qxe4 Nf5 15. Be5 f6 16. Bf4 g5 17. Be3 Nf8 18. Rfe1 Nxe3 19. Rxe3 Bd7 20. Nd2 e5 21. dxe5 Rxe5 22. Qb4 Rxe3 23. fxe3 Qe7 24. Ne4 Bf5 25. Rf1 Bxe4 26. Bxe4 Re8 27. Bg2 Qxe3+ 28. Kh1 Re7 29. Rxf6 a5 30. Qc4+ Kg7 31. Rf1 Qe6 32. Qd4+ Qe5 33. Qf2 Ng6 34. b3 h5 35. a3 Qe6 36. b4 axb4 37. axb4 Rf7 38. Qd4+ Kh6 39. Ra1 Qe5 40. Qxe5 Nxe5 41. Re1 Nd3 42. Re6+ Kg7 43. Re4 Nf2+ 44. Kg1 Nxe4 45. Bxe4 Re7 46. Bf5 Kf6 47. Bc8 Ke5 48. h4 gxh4 49. gxh4 Kd4 50. Bf5 Rg7+ 51. Kf2 Kc4 52. Bc2 Kxb4 53. Bd1 Rh7 54. Bc2 Rh6 55. Ke3 Kxc5 56. Kf4 b5 57. Kg5 Rh8 58. Bg6 b4 59. Bxh5 Rxh5+ 60. Kxh5 b3 61. Kg5 b2 62. h5 b1=Q 63. h6 Qh7 64. Kh5 Kd5 65. Kg5 Ke5 66. Kh5 Kf4 67. Kh4 Qxh6# 0-1

[Event "December 19 Early 2023"]
[Site "https://www.chess.com"]
[Date "2023.12.19"]
[Round "4"]
[White "Pogorelskikh, Sofia"]
[Black "Grochal, Joey"]
[Result "1-0"]
[Board "171"]
[TimeControl "180+1"]
[WhiteFideId "44164548"]
[BlackFideId "1019945"]
[WhiteElo "2031"]
[BlackElo "2231"]
[WhiteTeam "SRB"]
[BlackTeam "NED"]
[WhiteClock "0:01:07"]
[BlackClock "0:00:43"]

1. e4 e5 2. Nf3 Nc6 3. Nc3 Nf6 4. d4 exd4 5. Nxd4 Bb4 6. Nxc6 bxc6 7. Bd3 d5 8. exd5 cxd5 9. O-O O-O 10. Bg5 Bxc3 11. bxc3 h6 12. Bh4 c6 13. h3 Be6 14. Qf3 Rb8 15. Rab1 Qe7 16. Bg3 Rxb1 17. Rxb1 Qd7 18. Be5 Ne8 19. Qg3 Bf5 20. Bxf5 Qxf5 21. Rb8 f6 22. Bd4 Qe6 23. Bc5 Rf7 24. Qe3 1-0

[Event "December 19 Early 2023"]
[Site "https://www.chess.com"]
[Date "2023.12.19"]
[Round "4"]
[White "Sarkar, Justin"]
[Black "Valle Luis, Leo"]
[Result "0-1"]
[Board "172"]
[TimeControl "180+1"]
[WhiteFideId "2010011"]
[BlackFideId "54577187"]
[WhiteElo "2138"]
[BlackElo "2143"]
[WhiteTeam "USA"]
[BlackTeam "ESP"]
[WhiteClock "0:00:00"]
[BlackClock "0:00:19"]

1. d4 Nf6 2. c4 e6 3. Nc3 Bb4 4. a3 Bxc3+ 5. bxc3 O-O 6. f3 d5 7. cxd5 Nxd5 8. e4 Nxc3 9. Qd2 Na4 10. Bc4 Nb6 11. Bb3 Nc6 12. Ne2 a5 13. h4 a4 14. Ba2 Na5 15. h5 h6 16. Rb1 Nac4 17. Qc3 Nd6 18. g4 f6 19. Nf4 Re8 20. e5 Nf7 21. Kf2 Nd5 22. Bxd5 exd5 23. Re1 c6 24. Bb2 Be6 25. Nxe6 Rxe6 26. f4 Re8 27. f5 Ng5 28. Qd3 Qc7 29. Kg2 Re7 30. Re2 c5 31. Rbe1 c4 32. Qc3 Rae8 33. Qb4 Ne4 34. Bc3 Qc6 35. Re3 fxe5 0-1

[Event "December 19 Early 2023"]
[Site "https://www.chess.com"]
[Date "2023.12.19"]
[Round "4"]
[White "Petrukhina, Olga"]
[Black "Hrebenshchykova, Yelyzaveta"]
[Result "1-0"]
[Board "173"]
[TimeControl "180+1"]
[WhiteFideId "13703935"]
[BlackFideId "14159899"]
[WhiteElo "1991"]
[BlackElo "2045"]
[WhiteTeam "KAZ"]
[BlackTeam "UKR"]
[WhiteClock "0:00:09"]
[BlackClock "0:00:00"]

1. d4 Nf6 2. c4 g6 3. Nc3 d5 4. Nf3 Bg7 5. Bg5 Ne4 6. Bh4 Nxc3 7. bxc3 c5 8. e3 Nc6 9. cxd5 Qxd5 10. Be2 cxd4 11. cxd4 O-O 12. O-O Bf5 13. Bg3 Rac8 14. Qa4 a6 15. Rfc1 b5 16. Qxa6 Nb4 17. Qxb5 Qxb5 18. Bxb5 Nc2 19. a4 Nxa1 20. Rxa1 f6 21. Nd2 e5 22. e4 Be6 23. d5 Bf7 24. Nc4 f5 25. f3 fxe4 26. fxe4 g5 27. Bxe5 Bg6 28. Bxg7 Kxg7 29. e5 Rf4 30. d6 Bf5 31. Rc1 Be6 32. d7 Rd8 33. a5 Bxd7 34. Bxd7 Rxd7 35. a6 Ra7 36. Rc3 Rxa6 37. g3 Re4 38. Kf2 Re6 39. Kf3 Rd4 40. Ke3 Rd8 41. Ke4 h6 42. Ne3 Rde8 43. Rc7+ R6e7 44. Rxe7+ Rxe7 45. Nf5+ Kf7 46. Nxe7 Kxe7 47. Kf5 Kf7 48. e6+ Ke7 49. Ke5 g4 50. Kf5 h5 51. Kg5 Kxe6 52. Kh4 Kf6 53. Kxh5 Kf5 54. Kh4 Kf6 55. Kxg4 Kg6 56. h4 Kh6 57. h5 1-0

[Event "December 19 Early 2023"]
[Site "https://www.chess.com"]
[Date "2023.12.19"]
[Round "4"]
[White "Shishkov, Andrei"]
[Black "Shadhursshaan R"]
[Result "1-0"]
[Board "174"]
[TimeControl "180+1"]
[WhiteFideId "4500563"]
[BlackFideId "45024138"]
[WhiteElo "2241"]
[BlackElo "1760"]
[WhiteTeam "EST"]
[BlackTeam "IND"]
[WhiteClock "0:01:03"]
[BlackClock "0:00:52"]

1. d4 Nf6 2. c4 e6 3. Nc3 d5 4. cxd5 exd5 5. Bg5 c6 6. e3 Bf5 7. Qf3 Bg6 8. Bxf6 Qxf6 9. Qxf6 gxf6 10. Nf3 Nd7 11. Nh4 Bd6 12. f4 h6 13. f5 Bh5 14. Kf2 Rg8 15. g3 O-O-O 16. Rg1 Rg5 17. h3 Rdg8 18. g4 Bxg4 19. hxg4 Rxg4 20. Rxg4 Rxg4 21. Ng2 h5 22. Be2 Rg5 23. Bd3 h4 24. Rh1 Bg3+ 25. Kf3 Nb6 26. Nxh4 Bd6 27. b3 Rg3+ 28. Kf2 c5 29. dxc5 Be5 30. cxb6 d4 31. Nd5 dxe3+ 32. Nxe3 axb6 33. Nf3 Bf4 34. Nd5 Bd6 35. Nxb6+ Kc7 36. Nd5+ Kc6 37. Nxf6 1-0